 Dungeon Crawl Stone Soup version 0.30.1 (webtiles) character file.

Game seed: 3665420755335424446

7574 GeoRichter the Slicer (level 10, -20/50 HPs)
             Began as a Spriggan Enchanter on July 7, 2023.
             Was a High Priest of Kikubaaqudgha.
             Demolished by Gastronok (39 damage)
             ... on level 9 of the Dungeon.
             The game lasted 00:26:41 (9988 turns).

GeoRichter the Slicer (Spriggan Enchanter)          Turns: 9988, Time: 00:26:42

Health: -20/50     AC:  2    Str:  9    XL:     10   Next: 97%
Magic:  17/20      EV: 23    Int: 24    God:    Kikubaaqudgha [*****.]
Gold:   536        SH:  0    Dex: 26    Spells: 11/21 levels left

rFire   + . .        x - +7 short sword "Myish" {spect, +Blink Str+5}
rCold   . . .        (no shield)
rNeg    . . .        w - +0 robe "Umisk" {rF+ Int+3 Dex+4}
rPois   .            (helmet restricted)
rElec   .            (no cloak)
rCorr   .            (gloves unavailable)
SInv    +            (boots unavailable)
Will    +....        (no amulet)
Stlth   ++++         H - +6 ring of dexterity
HPRegen 0.28/turn    s - +4 ring of slaying
MPRegen 0.17/turn

%: no passive effects
@: confusing by touch, very quick
A: very small, no large weapons, unfitting armour, see invisible, speed 3
a: Renounce Religion, Evoke Blink, Unearth Wretches, Torment


You were on level 9 of the Dungeon.
You worshipped Kikubaaqudgha.
Kikubaaqudgha was extremely pleased with you.
You visited 2 branches of the dungeon, and saw 10 of its levels.
You also visited: Sewer and Ossuary.

You collected 536 gold pieces.

Inventory:

Hand Weapons
 x - the +7 short sword "Myish" (weapon) {spect, +Blink Str+5}
   (You found it on level 4 of the Dungeon)

   Str:       It affects your strength (+5).
   +Blink:    It lets you blink.
 C - a +1 dagger of electrocution
   (You took it off Dowan on level 5 of the Dungeon)
Missiles
 e - a throwing net {!f}
 f - 43 poisoned darts (quivered)
Armour
 w - the +0 robe "Umisk" (worn) {rF+ Int+3 Dex+4}
   (You found it in a sewer)

   Int:       It affects your intelligence (+3).
   Dex:       It affects your dexterity (+4).
   rF:        It protects you from fire.
 O - +0 acid dragon scales
   (You took it off Maggie on level 9 of the Dungeon)
Jewellery
 h - a ring of wizardry
   (You found it on level 2 of the Dungeon)
 s - a +4 ring of slaying (right hand)
   (You found it on level 4 of the Dungeon)
 H - a +6 ring of dexterity (left hand)
   (You found it on level 7 of the Dungeon)
 N - a +5 ring of evasion
   (You found it on level 8 of the Dungeon)
Wands
 b - a wand of quicksilver (11)
   (You found it on level 4 of the Dungeon)
 A - a wand of flame (9)
   (You found it on level 5 of the Dungeon)
 B - a wand of charming (26)
   (You found it on level 5 of the Dungeon)
 M - a wand of mindburst (12)
   (You found it on level 7 of the Dungeon)
Scrolls
 j - 6 scrolls of blinking
 l - 3 scrolls of teleportation {@r4}
 n - 8 scrolls of identify {@r1}
 p - a scroll of enchant weapon
 r - a scroll of vulnerability {!r}
 t - a scroll of enchant armour
 u - a scroll of fear
 v - a scroll of immolation {!r}
 y - 2 scrolls of noise {!r}
 z - a scroll of poison {!r}
 G - a scroll of silence {unknown}
 I - 2 scrolls of butterflies {unknown}
 K - a scroll of magic mapping {unknown}
Potions
 a - 3 potions of lignification {!q}
 c - a potion of invisibility
 d - 3 potions of curing {@q1}
 g - a potion of degeneration {unknown}
 i - a potion of attraction {unknown}
 k - 2 potions of cancellation {unknown}
 m - 5 potions of heal wounds {@q2}
 o - 4 potions of haste {unknown}
 q - 2 potions of mutation {unknown}
 D - 3 potions of brilliance {unknown}
 E - a potion of resistance
 F - 3 potions of might {unknown}
 J - a potion of berserk rage {unknown}
 L - a potion of flight {unknown}


   Skills:
 + Level 4.2 Fighting
 - Level 10.0 Short Blades
 + Level 6.1 Dodging
 + Level 8.1 Stealth
 + Level 6.3 Spellcasting
 - Level 7.0 Hexes
 * Level 8.3 Necromancy
 - Level 4.0 Evocations


You had 11 spell levels left.
You knew the following spells:

 Your Spells              Type           Power      Damage    Failure   Level
a - Confusing Touch       Hex            41%        N/A       1%          3
b - Tukima's Dance        Hex            41%        N/A       1%          3
c - Animate Dead          Necr           47%        N/A       2%          4

Your spell library contained the following spells:

 Spells                   Type           Power      Damage    Failure   Level
 Necrotise                Necr           100%       1d9       1%          1
 Vampiric Draining        Necr           47%        2d9       1%          3
 Ensorcelled Hibernation  Hex/Ice        48%        N/A       2%          2
 Cigotuvi's Dreadful Rot  Necr/Pois/Air  40%        N/A       3%          2
 Anguish                  Hex/Necr       22%        N/A       3%          4
 Dazzling Flash           Conj/Hex       48%        N/A       5%          3
 Agony                    Necr           47%        N/A       7%          5
 Poisonous Vapours        Pois/Air       14%        N/A       12%         2
 Mephitic Cloud           Conj/Pois/Air  7%         N/A       22%         3
 Ozocubu's Armour         Ice            7%         N/A       22%         3
 Borgnjor's Vile Clutch   Necr/Erth      13%        N/A       36%         5
 Freezing Cloud           Conj/Ice/Air   3%         6-21      91%         5
 Simulacrum               Ice/Necr       13%        N/A       91%         6
 Ozocubu's Refrigeration  Ice            3%         4d8       100%        7


Dungeon Overview and Level Annotations

Branches:
Dungeon (9/15) Zot: 26757  Temple (1/1) D:4 Zot: 5820   Sewer (visited)
Ossuary (visited)
   Lair: D:8-11         Orc: D:9-12

Altars:
Ashenzari
Cheibriados
Dithmenos
Elyvilon
Fedhas
Gozag
Hepliaklqana
Kikubaaqudgha
Makhleb
Nemelex Xobeh
Okawaru
Qazlal
Ru
Sif Muna
Uskayaw
Vehumet
Wu Jian
Xom
Yredelemnul
Zin
The Shining One

Annotations:
D:9 Gastronok


Innate Abilities, Weirdness & Mutations

You are very small and have problems with some larger weapons.
You are too small for most types of armour.
You have supernaturally acute eyesight. (SInv)
You cover ground extremely quickly. (Speed+++)


Message History

You puncture the centaur!
The centaur is severely wounded.
You puncture the centaur!
You kill the centaur!
Kikubaaqudgha accepts your kill.
No target in view!
Your +0 shortbow falls from the air.
Items here: )) ††.
Found 8 gold pieces.
You now have 536 gold pieces (gained 8).
Gastronok the Ponderous comes into view.
He is wearing the +3 hat of Pondering {ponderous, Will+ MP+10 Int+5}.
A centaur and a steam dragon come into view.
Found a stone staircase leading up.
Gastronok gurgles horribly!
The centaur shouts!
You barely miss the centaur. The centaur hits you.
The centaur barely misses you.
The steam dragon hisses angrily.
You puncture the centaur!
The centaur is severely wounded.
The centaur misses you. x2
You closely miss the centaur.
The centaur is severely wounded.
You barely miss the centaur.
The centaur is severely wounded.
The centaur closely misses you. The centaur completely misses you.
You hit the centaur.
The centaur is severely wounded.
The centaur misses you.
The centaur kicks you but does no damage.
You puncture the centaur!
You kill the centaur!
Kikubaaqudgha accepts your kill.
Unknown command.
Casting: Tukima's Dance (safe; 1% risk of failure)
Confirm with . or Enter, or press ? or * to list all spells.
Your hands begin to glow red.
Gastronok waves his eye-stalks in wide circles.
The air twists around and strikes you!!
Ouch! That really hurt!
* * * LOW HITPOINT WARNING * * *
You hit Gastronok but do no damage.
A water moccasin comes into view.
The water moccasin hisses angrily.
You hit Gastronok but do no damage. You hit Gastronok but do no damage.
You hit Gastronok but do no damage. You hit Gastronok but do no damage.
Gastronok bites you!!!
Ouch! That really hurt!
You die...
Kikubaaqudgha rasps: "You have failed me!
Welcome... death!"

....##.# #.#.##.#
#.#.##.###### ####
#.#.........######...###
#)####.####........#...
.......# ####.........
#####.## ##.#.#.#.## #.#
#.##.##S.### #.#
#....@wD...# #.#
#..#.##..#.# #.# ##.#)#
.... #.# # ... .... #..
.#### <.. ## #. # ## <#


You could see Gastronok, a steam dragon and a water moccasin.

Vanquished Creatures
  A two-headed ogre (D:8)
  Maggie (D:9)
  Grinder (Sewer)
  A hornet (D:9)
  8 yaks (D:8)
  A vampire mosquito (D:7)
  Edmund (D:5)
  Duvessa (D:5)
  A water moccasin (D:5)
  An orc warrior (D:7)
  2 ice beasts
  3 sky beasts
  A black bear (D:7)
  3 ogres
  4 centaurs
  A phantom (Sewer)
  3 kobold brigands
  An elf zombie (D:6)
  4 bullfrogs
  8 scorpions
  An elf skeleton (D:6)
  Dowan (D:5)
  3 killer bees (D:7)
  A howler monkey (D:8)
  2 electric eels (D:8)
  4 jellies
  5 hounds
  A human zombie (D:6)
  A gnoll bouda (D:4)
  3 orc priests
  An iguana (D:5)
  A sleepcap (D:6)
  2 human skeletons (D:6)
  4 orc wizards
  A mummy (Ossuary)
  10 adders
  9 gnolls
  A river rat (D:4)
  4 shadow imps
  2 white imps (D:7)
  3 ufetubi
  4 worms
  3 dart slugs (D:1)
  17 orcs
  3 spectral bats (Ossuary)
  3 endoplasms
  11 giant cockroaches
  8 hobgoblins
  4 jackals (D:4)
  5 quokkas
  12 ball pythons
  6 bats
  7 bat simulacra (Ossuary)
  3 frilled lizards
  2 giant cockroach zombies (Sewer)
  12 gnoll zombies (Ossuary)
  18 goblins
  A goblin simulacrum (Ossuary)
  4 goblin zombies (Ossuary)
  4 hobgoblin zombies (Ossuary)
  23 kobolds
  4 kobold simulacra (Ossuary)
  5 kobold zombies (Ossuary)
  6 orc zombies
  7 rats
  7 rat simulacra (Ossuary)
  3 spectral goblins (Ossuary)
  4 spectral kobolds (Ossuary)
  5 spectral rats (Ossuary)
298 creatures vanquished.

Vanquished Creatures (collateral kills)
  A two-headed ogre (D:9)
  Psyche (D:9)
  A wight (Sewer)
  A killer bee (D:7)
  A howler monkey (D:7)
  An orc priest (D:3)
  3 gnolls
  3 orcs
  2 kobolds (Sewer)
  2 goblins (D:5)
16 creatures vanquished.

Vanquished Creatures (others)
  2 yaks (D:8)
  10 dancing weapons
  A hornet zombie (D:9)
  A human zombie (D:9)
  A jelly (D:8)
  3 killer bee zombies (D:7)
  A dart slug (D:8)
  A gnoll zombie (D:6)
  A kobold zombie (D:6)
21 creatures vanquished.

Grand Total: 335 creatures vanquished

Notes
Turn   | Place    | Note
-------+----------+-------------------------------------------
     0 | D:1      | GeoRichter the Spriggan Enchanter began the quest for the
                  | Orb.
     0 | D:1      | Reached XP level 1. HP: 9/9 MP: 5/5
   137 | D:1      | Found a faded altar of an unknown god.
   164 | D:1      | Reached XP level 2. HP: 11/13 MP: 7/7
   366 | D:1      | Reached XP level 3. HP: 6/16 MP: 8/8
   691 | D:1      | Learned a level 3 spell: Confusing Touch
  1068 | D:2      | Reached skill level 5 in Hexes
  1213 | D:2      | Reached XP level 4. HP: 21/21 MP: 10/10
  1586 | D:2      | Learned a level 3 spell: Tukima's Dance
  1974 | D:3      | HP: 1/21 [orc priest/divine providence (15)]
  2397 | D:3      | Reached XP level 5. HP: 18/25 MP: 9/12
  2640 | D:4      | Found a staircase to the Ecumenical Temple.
  2646 | Temple   | Entered the Ecumenical Temple
  2925 | Temple   | Became a worshipper of Kikubaaqudgha
  3103 | D:4      | Reached skill level 1 in Fighting
  3171 | D:4      | Reached XP level 6. HP: 30/30 MP: 13/13
  3232 | D:4      | Found a glowing drain.
  3288 | Sewer    | Entered a sewer
  3558 | Sewer    | Reached * piety under Kikubaaqudgha
  3558 | Sewer    | Received a gift from Kikubaaqudgha
  3559 | Sewer    | Reached skill level 2 in Short Blades
  3565 | Sewer    | Noticed Grinder
  3871 | Sewer    | Killed Grinder
  3872 | Sewer    | Reached skill level 4 in Short Blades
  3872 | Sewer    | Reached XP level 7. HP: 24/35 MP: 11/14
  3949 | Sewer    | Found an ancient bone altar of Kikubaaqudgha.
  4078 | Sewer    | Reached skill level 1 in Necromancy
  4110 | Sewer    | Identified the +0 robe "Umisk" {rF+ Int+3 Dex+4}
  4231 | D:4      | Learned a level 4 spell: Animate Dead
  4350 | D:4      | Reached skill level 5 in Stealth
  4538 | D:4      | Reached ** piety under Kikubaaqudgha
  4539 | D:4      | Reached skill level 5 in Short Blades
  4727 | D:4      | Identified the +7 short sword "Myish" {spect, +Blink Str+5}
  5047 | D:5      | Entered Level 5 of the Dungeon
  5053 | D:5      | Noticed Edmund
  5065 | D:5      | Killed Edmund
  5066 | D:5      | Reached XP level 8. HP: 39/39 MP: 6/15
  5323 | D:5      | Reached skill level 6 in Short Blades
  5598 | D:5      | Reached *** piety under Kikubaaqudgha
  5598 | D:5      | Received a gift from Kikubaaqudgha
  5599 | D:5      | Reached skill level 7 in Short Blades
  5838 | D:5      | Noticed Duvessa
  5850 | D:5      | Noticed Dowan
  5854 | D:5      | Killed Duvessa
  5857 | D:5      | Killed Dowan
  5858 | D:5      | Reached skill level 5 in Necromancy
  6048 | D:6      | Reached XP level 9. HP: 43/43 MP: 3/16
  6179 | D:6      | Reached skill level 8 in Short Blades
  6230 | D:6      | Found a sand-covered staircase.
  6236 | Ossuary  | Entered an ossuary
  6306 | Ossuary  | Reached **** piety under Kikubaaqudgha
  6455 | Ossuary  | Reached ***** piety under Kikubaaqudgha
  6872 | D:6      | Reached skill level 9 in Short Blades
  7655 | D:7      | Reached skill level 10 in Short Blades
  8348 | D:7      | Reached XP level 10. HP: 42/48 MP: 2/17
  8731 | D:8      | Reached skill level 5 in Spellcasting
  9301 | D:8      | Reached skill level 5 in Dodging
  9389 | D:8      | Noticed a two-headed ogre
  9395 | D:8      | Killed a two-headed ogre
  9694 | D:9      | Noticed Maggie
  9696 | D:9      | Killed Maggie
  9712 | D:9      | Noticed Psyche
  9715 | D:9      | Noticed a two-headed ogre
  9740 | D:9      | Killed Psyche
  9740 | D:9      | Your ally Psyche died
  9768 | D:9      | Killed a two-headed ogre
  9969 | D:9      | Noticed Gastronok
  9988 | D:9      | Demolished by Gastronok

Illustrated notes

Levels and vault maps discovered:
D:1:      dpeg_arrival_tiny_d, layout_rooms, ebering_ecumenical_altar_petrified
D:2:      layout_loops_ring
D:3:      layout_loops_cross
D:4:      layout_loops_corners, minmay_temple_entry_statues_pillars,
          portal_sewer_entry_b, hangedman_decor_growths
D:5:      layout_basic, hex_large, minmay_ogre_servants, uniq_edmund,
          uniq_duvessa
D:6:      layout_loops_corners, nicolae_ossuary_entry_catacombs,
          minmay_misc_feat_more_columns, nicolae_elevator_lobby_plus
D:7:      cheibrodos_barr_body, layout_basic
D:8:      nicolae_cairo_tiling_large, layout_cave_pools, serial_bayou_lagoon_a
D:9:      layout_loops_ring, nicolae_shop_sticking_my_neck_out, uniq_harold,
          uniq_prince_ribbit1, uniq_gastronok, uniq_psyche, uniq_maggie
Temple:   nicolae_temple_the_god_donut

Skill      XL: |  1  2  3  4  5  6  7  8  9 10 |
---------------+-------------------------------+-----
Hexes          | 4 5 6 7 |  7.0
Spellcasting   | 3 4 6 |  6.3
Fighting       | 1 2 4 |  4.2
Short Blades   | 4 5 7 10 | 10.0
Dodging        | 3 4 6 |  6.1
Necromancy     | 2 5 6 8 |  8.3
Stealth        | 5 8 |  8.1
Evocations     | 4 |  4.0

Action                     |  1- 3 |  4- 6 |  7- 9 | 10-12 || total
---------------------------+-------+-------+-------+-------++-------
  Melee: Dagger            |   195 |   192 |    57 |       ||   444
         Punch             |     2 |     4 |     3 |     2 ||    11
         Short sword       |       |       |   261 |   101 ||   362
  Throw: Dart              |     2 |    10 |     1 |       ||    13
   Cast: Confusing Touch   |     2 |    11 |    19 |     7 ||    39
         Tukima's Dance    |       |    14 |    31 |     6 ||    51
         Animate Dead      |       |       |     4 |     2 ||     6
 Invoke: Unearth Wretches  |       |       |       |     2 ||     2
    Use: Potion            |       |     1 |       |       ||     1
         Scroll            |       |     2 |    12 |       ||    14
   Stab: Sleeping          |     9 |    11 |    27 |     1 ||    48
         Confused          |     3 |     4 |     9 |     3 ||    19
         Distracted        |       |     1 |     8 |     4 ||    13
         Paralysed         |       |       |       |     1 ||     1
 Armour: Robe              |    22 |    23 |    12 |     3 ||    60
  Dodge: Dodged            |   132 |   119 |   118 |    60 ||   429
